 Dungeon Crawl Stone Soup version 0.29.0-13-gc9e81de378 (webtiles) character file.

Game seed: 2564632077887077150

67 rogsnak the Gusty (level 4, -4/33 HPs)
             Began as a Draconian Air Elementalist on Sept 9, 2022.
             Slain by an orc priest
             ... wielding a +0 falchion
              (7 damage)
             ... on level 3 of the Dungeon.
             The game lasted 00:04:25 (2015 turns).

rogsnak the Gusty (Draconian Air Elementalist)      Turns: 2015, Time: 00:04:25

Health: -4/33      AC:  6    Str: 10    XL:     4   Next: 0%
Magic:  0/7        EV: 12    Int: 23    God:
Gold:   153        SH:  0    Dex: 12    Spells: 3/7 levels left

rFire   . . .      SeeInvis .   b - +0 spear
rCold   . . .      Faith    .   (no shield)
rNeg    + . .      Spirit   .   (body armour unavailable)
rPois   .          Reflect  .   (helmet restricted)
rElec   .          Harm     .   (no cloak)
rCorr   .          Rampage  .   d - +0 pair of gloves
Will    .....                   (no boots)
Stlth   ++........              (no amulet)
HPRegen 0.11/turn               c - ring of positive energy
MPRegen 0.10/turn               g - +6 ring of intelligence

@: no status effects
A: AC +5, unfitting armour, cold-blooded
a: no special abilities


You were on level 3 of the Dungeon.
You visited 1 branch of the dungeon, and saw 3 of its levels.

You collected 153 gold pieces.

Inventory:

Hand Weapons
 b - a +0 spear (weapon)
Armour
 d - a +0 pair of gloves (worn)
Jewellery
 c - a ring of positive energy (left hand)
 g - a +6 ring of intelligence (right hand)
Wands
 l - a wand of polymorph (9)
Scrolls
 h - 2 scrolls of amnesia {unknown}
 i - 2 scrolls of identify {unknown}
 k - a scroll of teleportation {unknown}
 n - a scroll of fog {unknown}
 o - a scroll of magic mapping {unknown}
Potions
 a - a potion of magic
 e - 3 potions of might {unknown}
 f - 2 potions of invisibility {unknown}
 j - a potion of degeneration {unknown}
 m - 3 potions of curing {unknown}
 p - a potion of flight {unknown}
 q - 2 potions of haste {unknown}


   Skills:
 + Level 2.0 Dodging
 - Level 2.0 Stealth
 + Level 2.3 Spellcasting
 * Level 2.0 Conjurations
 + Level 4.0 Air Magic


You had 3 spell levels left.
You knew the following spells:

 Your Spells              Type           Power      Damage    Failure   Level
a - Shock                 Conj/Air       64%        1d7       3%          1
b - Swiftness             Air            21%        N/A       7%          3

Your spell library contained the following spells:

 Spells                   Type           Power      Damage    Failure   Level
 Static Discharge         Conj/Air       16%        3-5/arc   5%          2
 Airstrike                Air            10%        2d(2-18)  24%         4


Dungeon Overview and Level Annotations

Branches:
Dungeon (3/15)

Altars:


Innate Abilities, Weirdness & Mutations

Your plain brown scales are hard. (AC +5)
You cannot fit into any form of body armour.
You are cold-blooded and may be slowed by cold attacks.


Message History

You hit the orc priest but do no damage.
You punch the orc priest, but do no damage.
The orc priest is moderately wounded.
The orc priest barely misses you.
You hit the orc priest but do no damage.
The orc priest is moderately wounded.
The orc priest hits you but does no damage.
You hit the orc priest but do no damage.
The orc priest is moderately wounded.
The orc priest closely misses you.
You hit the orc priest but do no damage.
The orc priest is moderately wounded.
The orc priest mumbles some strange prayers to Beogh against you.
Beogh smites you!
* * * LOW HITPOINT WARNING * * *
Aiming: Polymorph
Press: ? - help, Shift-Dir - straight line, f - orc priest
Aim: an orc priest, wielding a +0 falchion and wearing a +0 chain mail (moderately wounded, will become a quokka, a jelly, or a bat, chance to affect: 49%)
The orc priest resists with some effort.
The orc priest barely misses you.
Unknown command.
Aiming: Polymorph
Press: ? - help, Shift-Dir - straight line, f/p - orc priest
Aim: an orc priest, wielding a +0 falchion and wearing a +0 chain mail (moderately wounded, will become a quokka, a jelly, or a bat, chance to affect: 49%)
The orc priest resists with some effort.
The orc priest calls down the wrath of Beogh upon you.
Pain shoots through your body!
* * * LOW HITPOINT WARNING * * *
Unknown command.
Okay, then.
Casting: Shock (safe; 3% risk of failure)
Confirm with . or Enter, or press ? or * to list all spells.
Aiming: Shock (safe; 3% risk of failure)
Press: ? - help, Shift-Dir - straight line, p - orc priest The zap hits the orc priest but does no damage.
The orc priest is moderately wounded.
The zap hits the orc priest.
The orc priest is heavily wounded.
The orc priest hits you with a +0 falchion!
You die...

. .. .. .. # .#. #.
.# ... .##.# #...
>.). #..#.###o####.#
# #......@...)..# #
#.###.#.###.####.....
#...... #.####..#
#...####.......#
#.......######.#
#...###.# #..< #.
#### ##.## ....#.##
#...# #......#
#...#######.##.#.#


You could see an orc priest.

Vanquished Creatures
  2 adders (D:2)
  3 orcs (D:3)
  5 ball pythons
  7 endoplasms
  2 giant cockroaches
  6 goblins
  4 hobgoblins
  A quokka (D:1)
  5 bats
  6 kobolds
  2 rats (D:1)
43 creatures vanquished.

Notes
Turn   | Place    | Note
-------+----------+-------------------------------------------
     0 | D:1      | rogsnak the Draconian Air Elementalist began the quest for
                  | the Orb.
     0 | D:1      | Reached XP level 1. HP: 14/14 MP: 3/3
   333 | D:1      | Reached XP level 2. HP: 20/20 MP: 3/5
   939 | D:2      | Found a faded altar of an unknown god.
  1165 | D:2      | Reached XP level 3. HP: 26/26 MP: 3/6
  1662 | D:2      | Learned a level 3 spell: Swiftness
  1790 | D:2      | Reached skill level 4 in Air Magic
  2006 | D:3      | Reached XP level 4. HP: 33/33 MP: 0/7
  2015 | D:3      | Slain by an orc priest

Illustrated notes

Levels and vault maps discovered:
D:1:      dpeg_arrival_three_bigger_balls, layout_loops_corners
D:2:      layout_loops_ring, hellmonk_ecumenical_altar_run_dry
D:3:      layout_loops_cross, portal_sewer_entry_a, serial_park_tiny_pond,
          minmay_surrounded

Skill      XL: |  1  2  3 |
---------------+----------+-----
Stealth        | 2 |  2.0
Dodging        | 2 |  2.0
Conjurations   | 2 |  2.0
Air Magic      | 4 |  4.0
Spellcasting   | |  2.3

Action                   |  1- 3 |  4- 6 || total
-------------------------+-------+-------++-------
Melee: Spear             |    13 |     7 ||    20
       Tailslap          |       |     1 ||     1
       Punch             |       |     1 ||     1
 Cast: Shock             |    77 |     1 ||    78
Evoke: Wand              |       |     2 ||     2
Armor: Skin              |     2 |     1 ||     3
Dodge: Dodged            |     8 |     4 ||    12
